Map: Dreamcatcher LE

Players

TIME (Oliveira) - Winner!

  • Race: Terran Terran
  • Spawn Location: 5:00

StevenBonnel (PtitDrogo)

  • Race: Protoss Protoss
  • League: Master
  • Spawn Location: 11:00

Event: WCS Montreal 2018

VOD

Have the link to the VOD?

Description

Time

  • Played on: Sept. 7, 2018, 3:37 p.m.
  • Length: 9:20

All games in this series

Show
View Real Time Build Order
Export as new Build Order

TIME Terran - Winner!

Build Orders: Reaper Expand, MMM Bio 

Get SALT Encoding   

  12  0:00  SCV  
  13  0:13  SCV  
  14  0:17  Supply Depot  
  14  0:25  SCV  
  15  0:39  SCV  
  15  0:41  Barracks  
  16  0:43  Refinery  
  16  0:51  SCV  
  17  1:03  SCV  
  18  1:15  SCV  
  19  1:29  Reaper, Orbital Command  
  20  1:41  Command Center  
  20  1:49  Supply Depot  
  20  1:54  SCV  
  20  2:00  Marine  
  22  2:06  SCV  
  22  2:08  Factory  
  23  2:12  Refinery  
  23  2:19  SCV  
  23  2:21  Barracks Reactor  
  24  2:31  SCV  
  25  2:43  SCV  
  26  2:52  Widow Mine, Starport  
  26  2:53  Orbital Command  
  26  2:55  SCV  
  29  2:59  Marine x2  
  31  3:09  SCV  
  32  3:15  Factory Tech Lab  
  32  3:16  Marine x2  
  32  3:19  SCV  
  35  3:21  SCV  
  36  3:27  Supply Depot  
  36  3:31  SCV  
  36  3:33  SCV  
  38  3:34  Marine x2  
  38  3:35  Barracks  
  38  3:37  Raven  
  38  3:39  Factory Tech Lab  
  42  3:43  SCV  
  42  3:45  SCV  
  44  3:49  Supply Depot  
  44  3:52  Marine x2  
  44  3:55  SCV  
  47  4:00  Siege Tank  
  49  4:04  Refinery  
  49  4:05  Engineering Bay  
  49  4:06  SCV  
  49  4:07  SCV  
  51  4:10  Marine x2  
  53  4:18  SCV  
  53  4:19  SCV  
  53  4:24  Barracks  
  53  4:29  Marine  
  53  4:30  SCV, Stimpack, Marine x2  
  57  4:33  SCV  
  57  4:38  Terran Infantry Weapons Level 1  
  58  4:40  Supply Depot  
  59  4:45  SCV  
  59  4:46  Starport Reactor, Factory Reactor  
  59  4:47  Marine  
  59  4:48  Marine x2  
  59  4:51  Supply Depot  
  62  5:01  SCV x2  
  62  5:05  Marauder, Marine, Supply Depot  
  62  5:06  Marine  
  68  5:14  SCV x2  
  70  5:19  Marauder, Combat Shields  
  72  5:23  Marine  
  72  5:24  Widow Mine x2, Marine  
  72  5:27  Marauder  
  80  5:29  Supply Depot x2  
  80  5:36  Medivac  
  80  5:39  Medivac  
  84  5:45  Marine x2  
  84  5:49  Command Center  
  86  5:50  SCV x2  
  86  5:51  Supply Depot  
  86  5:53  Marine x2  
  90  5:59  Widow Mine  
  90  6:00  Widow Mine, Refinery  
  90  6:02  Marine  
  95  6:06  Medivac  
  95  6:10  Marine  
  98  6:11  Marine x2  
  98  6:14  Medivac  
  98  6:17  SCV  
  103  6:20  Marine  
  103  6:22  SCV  
  105  6:26  Barracks  
  105  6:28  Barracks  
  105  6:29  SCV  
  105  6:32  Terran Infantry Armor Level 1  
  102  6:35  SCV  
  100  6:42  SCV  
  100  6:45  Marine x2  
  100  6:46  Marauder  
  93  6:51  Marine  
  93  6:52  Viking  
  93  6:53  SCV  
  89  6:57  Viking  
  86  7:02  Orbital Command  
  86  7:03  SCV, Marine  
  86  7:07  Marauder  
  86  7:08  SCV  
  91  7:10  Marauder, Marine  
  93  7:16  SCV  
  93  7:18  Barracks Reactor, Barracks Tech Lab  
  93  7:21  Marine, Orbital Command  
  95  7:24  SCV  
  95  7:26  Viking  
  95  7:27  Viking  
  95  7:28  Marine  
  95  7:29  Marauder  
  103  7:31  Marine  
  104  7:38  Marine  
  104  7:39  Marine  
  104  7:41  SCV  
  104  7:43  SCV  
  103  7:45  Marine  
  103  7:50  Marauder x2  
  108  7:54  SCV x2  
  108  7:56  Marine, Viking  
  108  7:57  Marine, Viking  
  116  7:59  Marine x2  
  116  8:00  Supply Depot  
  116  8:01  SCV  
  116  8:02  Supply Depot  
  116  8:03  Marine  
  120  8:06  SCV x2  
  120  8:11  Marauder  
  120  8:12  Liberator x2  
  124  8:14  Marine  
  124  8:15  Refinery x2, Supply Depot  
  124  8:16  Starport  
  125  8:21  Marine x2  
  125  8:22  Marauder, SCV  
  125  8:23  Supply Depot  
  125  8:24  SCV, Marine  
  125  8:25  Supply Depot  
  132  8:30  Marine  
  132  8:32  SCV  
  140  8:35  Marauder  
  140  8:37  Marauder  
  128  8:42  Marine x2  
  128  8:43  Marauder  
  128  8:46  SCV  
  128  8:48  SCV  
  127  8:51  Marine  
  127  8:53  Engineering Bay, Armory, Supply Depot  
  124  8:56  Marauder  
  129  9:12  Supply Depot  
  129  9:14  Supply Depot  
  131  9:19  Command Center  
Show
View Real Time Build Order
Export as new Build Order

StevenBonnel Protoss 

Build Orders: 1 Gate Expand, Colossus Rush 

Get SALT Encoding   

  12  0:01  Probe  
  13  0:13  Probe  
  14  0:18  Pylon  
  14  0:24  Probe  
  15  0:32  Probe  
  15  0:37  Gateway  
  15  0:40  Probe  
  16  0:47  Assimilator  
  17  0:51  Probe  
  18  1:03  Probe  
  19  1:15  Probe  
  20  1:23  Nexus  
  20  1:33  Cybernetics Core  
  20  1:37  Probe  
  21  1:42  Assimilator  
  21  1:49  Probe  
  21  1:51  Pylon  
  22  2:00  Stalker  
  22  2:01  Probe  
  23  2:11  Warp Gate  
  23  2:13  Probe  
  26  2:22  Robotics Facility  
  26  2:26  Probe  
  27  2:32  Probe  
  27  2:34  Probe  
  28  2:40  Probe  
  28  2:43  Stalker, Probe  
  31  2:50  Probe  
  33  2:54  Probe  
  35  3:02  Probe  
  35  3:04  Observer  
  36  3:06  Probe  
  38  3:15  Probe  
  38  3:17  Gateway x2  
  38  3:18  Probe  
  40  3:21  Observer  
  40  3:22  Shield Battery  
  41  3:28  Probe  
  41  3:30  Pylon, Probe  
  43  3:37  Assimilator  
  43  3:40  Assimilator, Probe  
  44  3:43  Probe  
  44  3:45  Observer  
  33  3:48  Stalker  
  48  3:59  Probe  
  49  4:03  Probe  
  49  4:08  Robotics Bay, Observer  
  50  4:11  Probe  
  50  4:14  Pylon  
  50  4:15  Stalker, Probe  
  54  4:17  Pylon  
  54  4:32  Pylon, Probe x2  
  54  4:37  Stalker  
  58  4:40  Colossus  
  58  4:47  Pylon  
  58  4:51  Nexus  
  58  4:55  Pylon  
  58  4:57  Sentry  
  66  5:06  Probe x2  
  68  5:08  Sentry  
  68  5:09  Extended Thermal Lance  
  70  5:18  Probe  
  70  5:19  Probe  
  70  5:21  Twilight Council, Forge  
  72  5:26  Colossus  
  72  5:33  Probe  
  72  5:35  Probe  
  80  5:42  Protoss Ground Weapons Level 1, Gateway  
  80  5:43  Gateway  
  80  5:45  Probe  
  80  5:46  Blink  
  80  5:47  Gateway  
  80  5:48  Probe  
  82  5:57  Probe  
  82  6:00  Probe  
  82  6:03  Probe  
  85  6:09  Shield Battery, Probe  
  85  6:10  Photon Cannon  
  86  6:13  Probe  
  87  6:20  Stalker x2  
  87  6:23  Colossus  
  93  6:42  Stalker x2  
  93  6:43  Zealot x3  
  91  6:47  Stalker x2  
  91  6:48  Stalker  
  84  6:57  Observer  
  66  7:07  Stalker x3  
  68  7:12  Zealot x3  
  68  7:15  Colossus  
  72  7:16  Probe x2  
  81  7:22  Probe  
  81  7:27  Pylon  
  81  7:28  Probe x2  
  83  7:32  Zealot  
  83  7:33  Zealot x4  
  88  7:46  Zealot  
  90  7:53  Pylon  
  90  7:55  Pylon  
  90  7:56  Photon Cannon  
  90  7:59  Shield Battery  
  90  8:01  Colossus, Probe  
  90  8:02  Probe x2  
  93  8:12  Pylon  
  99  8:14  Probe  
  99  8:18  Sentry  
  102  8:22  Shield Battery  
  102  8:23  Stalker  
  104  8:28  Stalker  
  104  8:30  Pylon  
  82  8:42  Stalker x2, Zealot x2  
  82  8:48  Zealot  
  78  8:52  Zealot  
  62  9:04  Stalker  
  62  9:05  Zealot x3  
  66  9:12  Stalker  
Tags
 
Add a new tag
Caveats
  • Supply blocks, unpowered buildings, or Contaminate may cause inaccurate times.
  • Supply counts are checked every 10 seconds.